 Dungeon Crawl Stone Soup version 0.27-a0-1308-gc08437e49b (webtiles) character file.

Game seed: 8663593529604320535

80 sanka the Magician (level 4, -4/31 HPs)
             Began as a Djinni Summoner on June 18, 2021.
             Killed from afar by an orc wizard (7 damage)
             ... with a magic dart
             ... on level 3 of the Dungeon.
             The game lasted 00:06:27 (4168 turns).

sanka the Magician (Djinni Summoner)                Turns: 4168, Time: 00:06:28

Health: -4/31      AC:  4    Str:  7    XL:     4   Next: 65%
Gold:   90         EV: 12    Int: 18    God:
                   SH:  0    Dex: 13

rFire    + + .     SeeInvis .   e - +0 short sword
rCold    x . .     Faith    .   (no shield)
rNeg     . . .     Spirit   .   a - +0 robe
rPois    ∞         Reflect  .   h - +0 helmet
rElec    .         Harm     .   (no cloak)
rCorr    .         Rampage  .   n - +0 pair of gloves
Will     .....                  (boots unavailable)
Stlth    +.........             (no amulet)
HPRegen  0.10/turn              (no ring)
MPRegen  0.00/turn              (no ring)

@: confused, flying
A: sickness immunity, fire resistance 2, cold vulnerability 1, float, innate
caster, hp casting, extra vitality 1
a: no special abilities


You were on level 3 of the Dungeon.
You visited 1 branch of the dungeon, and saw 3 of its levels.

You collected 90 gold pieces.


Innate Abilities, Weirdness & Mutations

You are immune to sickness and miasma.
You are immune to poison.
Your flesh is very heat resistant. (rF++)
You are vulnerable to cold. (rC-)
You float through the air rather than walking.
You learn spells naturally, not from books.
Your magical power is your life essence.
You have superior vitality. (+4 HP)


   Skills:
 - Level 2.1 Dodging
 - Level 1.5 Stealth
 + Level 4.5 Spellcasting


You couldn't memorise any spells.
You knew the following spells:

 Your Spells              Type           Power      Damage    Failure   Level
c - Call Canine Familiar  Summ           20%        N/A       6%          3
v - Summon Ice Beast      Ice/Summ       20%        N/A       22%         4
x - Call Imp              Summ           20%        N/A       3%          2
y - Animate Skeleton      Necr           40%        N/A       2%          1
z - Summon Small Mammal   Summ           80%        N/A       2%          1
X - Summon Lightning Spi  Summ/Air       20%        N/A       22%         4
Z - Summon Guardian Gole  Hex/Summ       20%        N/A       6%          3
Your spell library was empty.

Inventory:

Hand Weapons
 e - a +0 short sword (weapon)
Armour
 a - a +0 robe (worn)
 h - a +0 helmet (worn)
 n - a +0 pair of gloves (worn)
Wands
 f - a wand of charming (7)
Scrolls
 j - a scroll of blinking {unknown}
 k - a scroll of fear {unknown}
 l - 2 scrolls of identify {unknown}
 o - a scroll of noise {unknown}
 q - 2 scrolls of teleportation {unknown}
Potions
 b - a potion of might {unknown}
 c - a potion of lignification {unknown}
 d - a potion of magic {unknown}
 g - 2 potions of heal wounds {unknown}
 i - a potion of brilliance {unknown}
 m - 2 potions of mutation {unknown}
 p - a potion of degeneration {unknown}

Dungeon Overview and Level Annotations

Branches:
Dungeon (3/15)

Altars:

.. ............................▒
. ▒...▒.......▒.▒▒....▒..▒▒..▒ .
▒▒▒▒...▒▒▒..▒....▒▒....▒..▒▒..▒
..▒................▒▒...........▒
..▒▒▒▒..▒▒▒▒5............▒..▒▒▒.▒
'▒ ▒..▒ ▒.o......▒▒.......▒▒▒.▒
.▒ ▒..▒ ▒.....................▒
.▒▒▒▒▒..▒ ▒.▒#▒....▒▒.......▒▒▒.▒
.......5▒▒▒.▒#..R........▒.▒▒▒▒.▒
.▒▒▒▒▒.............▒▒..>........▒
...............▒<..▒▒..▒.▒.▒▒▒▒.▒
...................▒▒....▒▒▒ ▒.▒
▒▒.▒▒▒..▒▒▒........▒▒..▒.▒ ▒.▒
▒.▒ ▒..▒ ▒▒▒............▒ ▒.▒ ▒.▒
▒..▒ ▒..▒▒▒▒▒▒......>. ▒.▒ ▒..▒
▒.... ..▒▒.▒▒▒.▒ ..▒ ▒..▒ ▒..▒▒▒
▒▒.▒▒...


You could see an orc wizard and a friendly crimson imp (summoned).


Message History

The rat bites you but does no damage. Something hits you.
* * * LOW HITPOINT WARNING * * *
Your crimson imp barely misses the rat.
Unknown command.
Unknown command.
Unknown command.
The rat bites you.
* * * LOW HITPOINT WARNING * * *
Something hits you but does no damage.
Your crimson imp hits the rat.
Unknown command.
Unknown command.
The rat barely misses you.
Your crimson imp hits the rat but does no damage.
Something hits your crimson imp.
Your crimson imp hits the rat.
The rat dies!
Something hits your crimson imp. Something hits your crimson imp.
A magic dart appears from out of thin air!
The magic dart hits you!
* * * LOW HITPOINT WARNING * * *
You are confused.
You're too confused to move!
An orc wizard appears from thin air!
Reactivating autopickup.
The orc wizard gestures at you while chanting.
The magic dart hits you!
You die...

Action                   |  1- 3 |  4- 6 || total
-------------------------+-------+-------++-------
Melee: Unarmed           |    11 |       ||    11
       Short sword       |    75 |     6 ||    81
 Cast: Summon Small Mamm |    55 |       ||    55
       Call Imp          |    21 |     9 ||    30
       Call Canine Famil |       |     1 ||     1
 Stab: Sleeping          |     2 |       ||     2
Armor: Robe              |    31 |     6 ||    37
Dodge: Dodged            |    77 |     7 ||    84

Levels and vault maps discovered:
D:1:      dpeg_arrival_shelter, layout_basic
D:2:      layout_rooms, uniq_robin
D:3:      layout_basic, basic_ecumenical_altar, kennysheep_nondescript

Notes
Turn   | Place    | Note
-------+----------+-------------------------------------------
     0 | D:1      | sanka the Djinni Summoner began the quest for the Orb.
     0 | D:1      | Reached XP level 1. HP: 15/15 MP: 0/0
   671 | D:1      | Reached XP level 2. HP: 17/21 MP: 0/0
  1999 | D:2      | Reached XP level 3. HP: 23/25 MP: 0/0
  1999 | D:2      | Learned a level 1 spell: Animate Skeleton
  2175 | D:2      | Reached skill level 4 in Spellcasting
  2234 | D:2      | Noticed Robin
  2598 | D:2      | Killed Robin
  3418 | D:1      | Reached XP level 4. HP: 5/31 MP: 0/0
  3795 | D:3      | Found a faded altar of an unknown god.
  3838 | D:3      | Noticed a scorpion
  3843 | D:3      | Killed a scorpion
  4162 | D:3      | HP: 2/31 [something/magic dart (8)]
  4168 | D:3      | Killed from afar by an orc wizard

Vanquished Creatures
  A dart slug (D:2)
  An orc (D:3)
  An endoplasm (D:1)
  2 goblins
  A hobgoblin (D:1)
  A ball python (D:3)
  4 bats
  A frilled lizard (D:1)
  A kobold (D:2)
  A rat (D:2)
14 creatures vanquished.

Vanquished Creatures (collateral kills)
  A scorpion (D:3)
  Robin (D:2)
  A worm (D:2)
  2 dart slugs (D:1)
  3 orcs
  2 ball pythons
  4 endoplasms
  A giant cockroach (D:1)
  8 goblins
  6 hobgoblins
  3 kobolds
  A bat (D:1)
  2 frilled lizards
  3 rats
38 creatures vanquished.

Grand Total: 52 creatures vanquished
